 Dungeon Crawl Stone Soup version 0.28.0-53-g5a82cb258f (webtiles) character file.

Game seed: 2965564373169627620

3782 Jerry the Sneak (level 10, -7/53 HPs)
             Began as a Vine Stalker Fighter on July 4, 2022.
             Was an Initiate of Gozag.
             Mangled by a five-headed hydra (12 damage)
             ... on level 1 of the Lair of Beasts.
             The game lasted 00:20:00 (6955 turns).

Jerry the Sneak (Vine Stalker Fighter)              Turns: 6955, Time: 00:20:00

Health: -7/53      AC: 19    Str: 19    XL:     10   Next: 16%
Magic:  0/11       EV: 22    Int:  9    God:    Gozag
Gold:   1031       SH:  6    Dex: 16    Spells: 9/9 levels left

rFire   + . .      SeeInvis .   v - +5 short sword (drain)
rCold   . . .      Faith    .   c - +0 buckler
rNeg    + . .      Spirit   +   J - +1 chain mail {rF+}
rPois   +          Reflect  .   f - +2 helmet
rElec   .          Harm     .   B - +2 ratskin cloak {*Rats rPois rN+ Str-1 Int-1 Dex+1}
rCorr   .          Rampage  .   (no gloves)
Will    ++...                   C - +0 pair of boots
Stlth   +.........              y - amulet of the acrobat
HPRegen 0.97/turn               u - ring of willpower
MPRegen 0.12/turn               (no ring)

@: acrobatic, slowed, very slow
A: fangs 3, regeneration 1, magic shield, antimagic bite, no potion heal 2
a: Renounce Religion, Potion Petition, Call Merchant, Bribe Branch


You were on level 1 of the Lair of Beasts.
You worshipped Gozag.
Gozag was most pleased with you.
You visited 3 branches of the dungeon, and saw 10 of its levels.

You collected 1073 gold pieces.
You paid 42 gold pieces to Gozag.

Inventory:

Hand Weapons
 o - a +1 antimagic dagger
 v - a +5 short sword of draining (weapon)
Missiles
 A - a throwing net (quivered)
Armour
 c - a +0 buckler (worn)
 f - a +2 helmet (worn)
 x - +0 steam dragon scales
 B - the +2 ratskin cloak (worn) {*Rats rPois rN+ Str-1 Int-1 Dex+1}
   (You found it on level 7 of the Dungeon)

   When the wearer is hurt, rats may emerge from it to assist them.
   Str:       It affects your strength (-1).
   Int:       It affects your intelligence (-1).
   Dex:       It affects your dexterity (+1).
   rPois:     It protects you from poison.
   rN:        It protects you from negative energy.
 C - a +0 pair of boots (worn)
 J - a +1 chain mail of fire resistance (worn)
Jewellery
 u - a ring of willpower (left hand)
 y - an amulet of the acrobat (around neck)
Wands
 D - a wand of paralysis (15)
 E - a wand of mindburst (14)
 F - a wand of charming (7)
Scrolls
 a - a scroll of enchant armour {unknown}
 g - a scroll of immolation {unknown}
 h - 7 scrolls of identify {unknown}
 l - 3 scrolls of teleportation {unknown}
 m - 4 scrolls of fog {unknown}
 n - a scroll of amnesia {unknown}
 q - a scroll of holy word {unknown}
 w - a scroll of fear {unknown}
 H - a scroll of magic mapping {unknown}
Potions
 e - 3 potions of flight {unknown}
 i - a potion of heal wounds {unknown}
 j - 2 potions of degeneration {unknown}
 k - 3 potions of curing
 r - 2 potions of cancellation {unknown}
 s - 2 potions of berserk rage {unknown}
 t - a potion of ambrosia {unknown}
 G - a potion of might
 I - 2 potions of attraction {unknown}


   Skills:
 + Level 6.8 Fighting
 + Level 6.4 Short Blades
 + Level 6.2 Armour
 + Level 7.5 Stealth
 - Level 5.7 Shields


You had 9 spell levels left.
You didn't know any spells.
Your spell library contained the following spells:

 Spells                   Type           Power      Damage    Failure   Level
 Animate Skeleton         Necr           0%         N/A       99%         1
 Apportation              Tloc           0%         N/A       99%         1
 Freeze                   Ice            0%         1d3       99%         1
 Magic Dart               Conj           0%         1d3       99%         1
 Summon Small Mammal      Summ           0%         N/A       99%         1
 Call Imp                 Summ           0%         N/A       100%        2
 Wereblood                Tmut           0%         N/A       100%        2
 Conjure Flame            Conj/Fire      0%         6-21      100%        3
 Frozen Ramparts          Ice            0%         1d2       100%        3
 Ignite Poison            Fire/Tmut/Pois 0%         N/A       100%        3
 Mephitic Cloud           Conj/Pois/Air  0%         N/A       100%        3
 Ozocubu's Armour         Ice            0%         N/A       100%        3
 Flame Wave               Conj/Fire      0%         2d4       100%        4
 Hailstorm                Conj/Ice       0%         3d3       100%        4
 Ice Form                 Ice/Tmut       0%         N/A       100%        4
 Petrify                  Tmut/Erth      0%         N/A       100%        4
 Sticky Flame             Conj/Fire      0%         2d3       100%        4
 Alistair's Intoxication  Tmut/Pois      0%         N/A       100%        5
 Blade Hands              Tmut           0%         N/A       100%        5
 Metabolic Englaciation   Hex/Ice        0%         N/A       100%        5
 Eringya's Noxious Bog    Tmut/Pois      0%         N/A       100%        6
 Simulacrum               Ice/Necr       0%         N/A       100%        6
 Statue Form              Tmut/Erth      0%         N/A       100%        6
 Ozocubu's Refrigeration  Ice            0%         4d5       100%        7


Dungeon Overview and Level Annotations

Branches:
Dungeon (8/15)             Temple (1/1) D:4            Lair (1/6) D:8

Altars:
Ashenzari
Cheibriados
Dithmenos
Gozag
Kikubaaqudgha
Makhleb
Nemelex Xobeh
Okawaru
Qazlal
Ru
Sif Muna
Trog
Uskayaw
Vehumet
Yredelemnul
Zin
The Shining One

Shops:
D:1 ?   D:4 [?*

Annotations:
D:6 2 transporters, Menkaure
Lair:1 Gastronok


Innate Abilities, Weirdness & Mutations

You have razor-sharp teeth.
Your natural rate of healing is unusually fast.
When hurt, damage is shared between your health and your magic reserves.
Your bite disrupts and absorbs the magic of your enemies.
Potions cannot restore your health.


Message History

You hit the fungus. You drain the fungus.
The fungus is moderately damaged.
A nearby fungus withers and dies.
There is a staircase to the Lair here.
You climb downwards.
Welcome to the Lair of Beasts!
You hear a distant snort.
Hark!
There is a gateway to a gauntlet on this level.
Find the entrance quickly before the gate is sealed!
Found a robe and 11 gold pieces.
There is a staircase back to the Dungeon here.
A komodo dragon comes into view.
The komodo dragon hisses angrily.
You hear a horrible gurgling sound!
A five-headed hydra comes into view.
Gastronok the Ponderous comes into view.
He is wearing a +1 hat of willpower.
Gastronok gurgles horribly!
The five-headed hydra roars!
Gastronok looks at you while chanting.
You feel yourself slow down. The komodo dragon barely misses you.
You hit the komodo dragon.
You bite the komodo dragon, but do no damage.
The komodo dragon is lightly wounded.
The komodo dragon bites you.
Gastronok waves his eye-stalks in wide circles.
The air twists around and strikes you!!
A river rat scurries out from under your cloak.
You block the komodo dragon's attack.
The five-headed hydra bites your river rat.
The five-headed hydra completely misses your river rat.
The five-headed hydra bites your river rat. x2
The five-headed hydra bites your river rat!
Your river rat dies!
Gastronok waves his eye-stalks in wide circles.
The air twists around and strikes you!!
Ouch! That really hurt!
* * * LOW HITPOINT WARNING * * *
A hell rat scurries out from under your cloak.
You block the komodo dragon's attack.
Your hell rat bites the komodo dragon!!
Your hell rat drains the komodo dragon.
The five-headed hydra misses you. The five-headed hydra bites you!
You die...
Your body crumbles into a pile of gold.

P.......# #.......
#...... #.....
##.... #....# ### .
#...#...# ...
#.@<....#
.....#####lD.#...+
.........r....#[#...
..w............... .
...................
...#................
P. #.....#+#.######.
. ...$.... ....
........# ....


You could see a five-headed hydra, a komodo dragon (drained, ally target) and a
friendly hell rat.

Vanquished Creatures
  Maggie (D:6)
  A hornet (D:8)
  3 yaks (D:8)
  Duvessa (D:5)
  A water moccasin (D:7)
  An orc warrior (D:7)
  A sky beast (D:5)
  2 hornet zombies
  3 necrophages
  A centaur (D:8)
  2 phantoms
  2 gnoll sergeants (D:7)
  2 bullfrogs
  3 scorpions
  2 wyvern zombies
  Dowan (D:5)
  A wyvern skeleton (D:5)
  2 howler monkeys (D:8)
  4 centaur zombies
  A bullfrog skeleton (D:6)
  4 orc priests
  6 hounds
  A centaur skeleton (D:6)
  3 gnoll shamans
  An iguana (D:6)
  5 orc wizards
  A howler monkey skeleton (D:7)
  4 adders
  25 gnolls
  2 ufetubi
  A worm (D:4)
  3 dart slugs
  20 orcs
  6 ball pythons
  6 endoplasms
  4 giant cockroaches
  7 goblins
  6 hobgoblins
  5 jackals
  A quokka (D:2)
  10 bats
  2 frilled lizards
  11 kobolds
  6 rats
175 creatures vanquished.

Vanquished Creatures (collateral kills)
  2 orcs (D:7)
2 creatures vanquished.

Vanquished Creatures (others)
  2 fungi (D:8)
  2 plants (D:5)
4 creatures vanquished.

Grand Total: 181 creatures vanquished

Notes
Turn   | Place    | Note
-------+----------+-------------------------------------------
     0 | D:1      | Jerry the Vine Stalker Fighter began the quest for the Orb.
     0 | D:1      | Reached XP level 1. HP: 11/11 MP: 2/2
   189 | D:1      | Found Cige's Magic Scroll Emporium.
   215 | D:1      | Reached XP level 2. HP: 15/16 MP: 1/3
   468 | D:1      | Reached XP level 3. HP: 20/20 MP: 4/4
  1230 | D:2      | Found a faded altar of an unknown god.
  1235 | D:2      | Gained mutation: Your natural rate of healing is unusually
                  | fast. [Vine Stalker growth]
  1235 | D:2      | Reached XP level 4. HP: 23/24 MP: 5/5
  1385 | D:2      | Identified the +1 robe of Ixkahali {Regen+ Int-2 Dex+7
                  | Slay+2}
  1476 | D:2      | Found a sparkling altar of Nemelex Xobeh.
  2073 | D:4      | Noticed a phantom
  2084 | D:4      | Killed a phantom
  2085 | D:4      | Reached XP level 5. HP: 25/28 MP: 6/6
  2112 | D:4      | Found Taimepluurgh's Antique Armour Boutique.
  2290 | D:4      | Found Kydunk Xenav's Magic Scroll Emporium.
  2301 | D:4      | Reached XP level 6. HP: 33/33 MP: 7/7
  2369 | D:4      | Found a stormy altar of Qazlal.
  2415 | D:4      | Found a staircase to the Ecumenical Temple.
  2597 | Temple   | Entered the Ecumenical Temple
  2757 | Temple   | Became a worshipper of Gozag Ym Sagoz the Greedy
  2891 | D:4      | Noticed a necrophage
  2911 | D:4      | Killed a necrophage
  2928 | D:4      | Reached XP level 7. HP: 37/37 MP: 8/8
  3098 | D:4      | Found Rimymoud's General Store.
  3328 | D:5      | Entered Level 5 of the Dungeon
  3418 | D:5      | Reached skill level 1 in Stealth
  3445 | D:5      | Found a hide-covered altar of Uskayaw.
  3659 | D:5      | Reached skill level 2 in Stealth
  3965 | D:5      | Gained mutation: You have razor-sharp teeth. [Vine Stalker
                  | growth]
  3965 | D:5      | Reached XP level 8. HP: 38/42 MP: 7/9
  4010 | D:5      | Noticed Duvessa
  4010 | D:5      | Noticed Dowan
  4016 | D:5      | Killed Duvessa
  4017 | D:5      | Reached skill level 3 in Stealth
  4025 | D:5      | Killed Dowan
  4191 | D:5      | Got the Compendium of Fire and Moulding
  4229 | D:5      | Found a shimmering blue altar of Sif Muna.
  4378 | D:6      | Found a transporter.
  4391 | D:6      | Reached skill level 5 in Fighting
  4430 | D:6      | Reached skill level 5 in Shields
  4468 | D:6      | Noticed Maggie
  4495 | D:6      | Killed Maggie
  4496 | D:6      | Reached skill level 4 in Stealth
  4599 | D:6      | Reached XP level 9. HP: 47/47 MP: 10/10
  4600 | D:6      | Reached skill level 5 in Short Blades
  4613 | D:6      | Reached skill level 5 in Armour
  4613 | D:6      | Reached skill level 5 in Stealth
  4730 | D:6      | Found a basalt altar of Yredelemnul.
  4732 | D:6      | Noticed Menkaure
  4733 | D:6      | Found a transporter.
  4778 | D:6      | Found an ancient bone altar of Kikubaaqudgha.
  5479 | D:7      | Found the +2 ratskin cloak {*Rats rPois rN+ Str-1 Int-1
                  | Dex+1}
  5770 | D:7      | Found an iron altar of Okawaru.
  5770 | D:7      | Found a bloodstained altar of Trog.
  5881 | D:7      | Reached skill level 6 in Stealth
  5982 | D:7      | Found a burning altar of Makhleb.
  6414 | D:8      | Reached skill level 7 in Stealth
  6414 | D:8      | Reached XP level 10. HP: 43/53 MP: 9/11
  6668 | D:8      | Found a staircase to the Lair.
  6945 | Lair:1   | Entered Level 1 of the Lair of Beasts
  6948 | Lair:1   | Noticed a five-headed hydra
  6949 | Lair:1   | Noticed Gastronok
  6955 | Lair:1   | Mangled by a five-headed hydra

Illustrated notes

Levels and vault maps discovered:
D:1:      amcnicky_arrival_flooded_fountain, layout_loops_ring, serial_shops,
          shop, minmay_close_crescents
D:2:      layout_basic, basic_altar, hellmonk_ecumenical_altar_slurped_away,
          minmay_octomino_e4
D:3:      layout_rooms
D:4:      layout_loops_corners, nicolae_qazlal_eye_of_the_storm,
          minmay_temple_entry_fiery, serial_shops, shop, nicolae_shop_stone,
          kennysheep_mini
D:5:      layout_loops_ring, mainiacjoe_overflow_boulevard,
          nicolae_sif_muna_little_library, uniq_duvessa
D:6:      layout_loops_ring, gammafunk_temple_of_torment, grunt_ministairs_13,
          uniq_maggie
D:7:      layout_layer_cave, grunt_temple_overflow_bloody_war,
          old_standard_altar
D:8:      layout_cave_pools, dpeg_oklobed_lair
Temple:   nicolae_temple_figure_eight
Lair:1:   layout_chaotic_city, gauntlet_entry_generic, lemuel_fruit_tree,
          uniq_nergalle, uniq_gastronok

Skill      XL: |  1  2  3  4  5  6  7  8  9 10 |
---------------+-------------------------------+-----
Short Blades   | 2 3 4 6 |  6.4
Fighting       | 3 4 5 6 |  6.8
Shields        | 3 4 5 |  5.7
Armour         | 3 4 5 6 |  6.2
Stealth        | 2 4 7 |  7.5

Action                   |  1- 3 |  4- 6 |  7- 9 | 10-12 || total
-------------------------+-------+-------+-------+-------++-------
Melee: Rapier            |    90 |    92 |    60 |       ||   242
       Bite              |    16 |    23 |    96 |    17 ||   152
       Short sword       |       |       |   211 |    44 ||   255
  Use: Potion            |       |     1 |       |       ||     1
 Stab: Sleeping          |       |     1 |    11 |     2 ||    14
       Distracted        |       |       |     5 |       ||     5
Armor: Scale mail        |    55 |    12 |       |       ||    67
       Robe              |       |    20 |    75 |    12 ||   107
Dodge: Dodged            |    60 |    38 |   109 |    12 ||   219
Block: Buckler           |    19 |    23 |    73 |     8 ||   123
